 Dungeon Sprint DCSS version 0.29-a0-775-g4d7333d4e2 (webtiles) character file.

Game seed: 15121529040568478084

15687 mhtbhm the Ninja (level 12, -10/58 HPs)
             Began as a Spriggan Enchanter on July 2, 2022.
             Was the Champion of Dithmenos.
             Killed from afar by a deep elf pyromancer (18 damage)
             ... with a bolt of fire
             ... in the Dungeon (Sprint III: "The Ten Rune Challenge").
             The game lasted 00:12:54 (2711 turns).

mhtbhm the Ninja (Spriggan Enchanter)               Turns: 2711, Time: 00:12:55

Health: -10/58     AC:  6    Str:  9    XL:     12   Next: 3%
Magic:  21/30      EV: 24    Int: 27    God:    Dithmenos [******]
Gold:   477        SH:  5    Dex: 19    Spells: 10/38 levels left

rFire   . . .      SeeInvis +   a - +6 quick blade of Laceration {flame, Fly rElec Will- Str+5}
rCold   . . .      Faith    .   (no shield)
rNeg    . . .      Spirit   .   b - +2 troll leather armour {Snorg}
rPois   .          Reflect  +   i - +0 hat of Charity {Int+9}
rElec   +          Harm     .   (no cloak)
rCorr   .          Rampage  .   (gloves unavailable)
Will    ++...      NoTele   +   (boots unavailable) Stlth *********+
                                t - amulet of reflection
HPRegen 0.99/turn               s - ring "Axupaes" {Wiz Will+}
MPRegen 0.22/turn               (no ring)

@: on blink cooldown, flying, very slightly contaminated, slowed, wreathed by
umbra, quick
A: very small, no large weapons, unfitting armour, see invisible, speed 3
a: Renounce Religion, Shadow Step, Shadow Form


You were in the Dungeon.
You worshipped Dithmenos.
Dithmenos was exalted by your worship.
You visited 1 branch You collected 2349 gold pieces.
You spent 1872 gold pieces at shops.

Inventory:

Hand Weapons
 a - the +6 quick blade of Laceration (weapon) {flame, Fly rElec Will- Str+5}
   (You found it in the Dungeon)

   It burns those it strikes, dealing additional fire damage.
   Str:       It affects your strength (+5).
   rElec:     It insulates you from electricity.
   Fly:       It grants you flight.
   Will:      It decreases your willpower.
Missiles
 k - 7 curare-tipped darts (quivered)
Armour
 b - a +2 troll leather armour (worn) {Snorg}
 i - the +0 hat of Charity (worn) {Int+9}
   (You bought it in a shop in the Dungeon)

   Int:       It affects your intelligence (+9).
 n - the +2 robe "Ximeth" {rN+}
   (You bought it in a shop in the Dungeon)

   rN:        It protects you from negative energy.
 q - the +1 robe of Loehi {Int+4}
   (You bought it in a shop in the Dungeon)

   Int:       It affects your intelligence (+4).
Jewellery
 s - the ring "Axupaes" (left hand) {Wiz Will+}
   (You bought it in a shop in the Dungeon)

   [ring of wizardry]

   It improves your spell success rate.
   Will:      It increases your willpower.
 t - an amulet of reflection (around neck)
Wands
 u - a wand of charming (5)
Scrolls
 j - 2 scrolls of immolation
 m - a scroll of poison
Potions
 e - a potion of ambrosia {unknown}
 f - a potion of haste
 g - a potion of magic
 h - 3 potions of mutation {unknown}
 l - 3 potions of flight
 o - a potion of might
Miscellaneous
 p - a lightning rod (4/4)


   Skills:
 + Level 3.9 Fighting
 + Level 10.5 Short Blades
 + Level 3.6 Throwing
 + Level 4.4 Armour
 + Level 10.2 Dodging
 O Level 27 Stealth
 + Level 0.3 Shields
 + Level 13.8 Spellcasting
 + Level 3.8 Conjurations
 + Level 14.2 Hexes
 + Level 6.3 Ice Magic
 + Level 3.6 Invocations
 + Level 10.2 Evocations


You had 10 spell levels left.
You knew the following spells:

 Your Spells              Type           Power      Damage    Failure   Level
a - Ensorcelled Hibernat  Hex/Ice        100%       N/A       1%          2
b - Confusing Touch       Hex            77%        N/A       1%          3
c - Tukima's Dance        Hex            77%        N/A       1%          3
d - Dazzling Flash        Conj/Hex       100%       N/A       1%          3
e - Blink                 Tloc           36%        N/A       2%          2
f - Inner Flame           Hex/Fire       54%        N/A       1%          3
g - Cause Fear            Hex            38%        N/A       1%          4
h - Discord               Hex            38%        N/A       28%         8

Your spell library contained the following spells:

 Spells                   Type           Power      Damage    Failure   Level
 Apportation              Tloc           36%        N/A       1%          1
 Necrotize                Necr           72%        1d7       1%          1
 Summon Small Mammal      Summ           72%        N/A       1%          1
 Manifold Assault         Tloc           18%        N/A       38%         5
 Storm Form               Tmut/Air       9%         N/A       100%        7


Dungeon Overview and Level Annotations

Branches:
Dungeon (1/1)

Altars:
Cheibriados
Dithmenos
Elyvilon
Fedhas
Gozag
Hepliaklqana
Kikubaaqudgha
Makhleb
Nemelex Xobeh
Okawaru
Qazlal
Ru
Sif Muna
Trog
Uskayaw
Vehumet
Wu Jian
Xom
Yredelemnul
Zin
The Shining One
Beogh
Jiyva
Lugonu

Shops:
D =!*:*[([?==[

Annotations:
D exclusion: obsidian statue


Innate Abilities, Weirdness & Mutations

You are very small and have problems with some larger weapons.
You are too small for most types of armour.
You have supernaturally acute eyesight. (SInv)
You cover ground extremely quickly. (Speed+++)


Message History

The deep elf pyromancer gestures at you while chanting.
The sticky flame hits you.
You are covered in liquid flames!
* * * LOW HITPOINT WARNING * * *
You emit a cloud of dark smoke.
Unknown command.
You feel better.
You are covered in liquid flames!
* * * LOW HITPOINT WARNING * * *
You are no longer on fire.
The deep elf pyromancer closely misses you.
The deep elf pyromancer gestures at you while chanting.
The sticky flame hits you.
You are covered in liquid flames!
* * * LOW HITPOINT WARNING * * *
The deep elf pyromancer completely misses you.
The deep elf pyromancer closely misses you.
You feel better.
You are covered in liquid flames!
* * * LOW HITPOINT WARNING * * *
The deep elf knight gestures at you while chanting.
The shard of ice reflects off an invisible shield around you!
The shard of ice hits the deep elf knight!!
You kill the deep elf knight!
Dithmenos accepts your kill.
The deep elf pyromancer completely misses you.
You block the deep elf pyromancer's attack.
You have reached level 12!
Unknown command.
Okay, then.
Okay, then.
Casting: Dazzling Flash (safe; 1% risk of failure)
Confirm with . or Enter, or press ? or * to list all spells.
Okay, then.
Casting: Dazzling Flash (safe; 1% risk of failure)
Confirm with . or Enter, or press ? or * to list all spells.
You blink.
The deep elf pyromancer casts a spell at you.
The bolt of fire hits you!!
You die...

▓▓▓▓ ▓▓▓▓
########..####..#########
#___#__##.##§#§#§§'.#...#
#__)#._#...)§§§§§§#e#...##≈
#'###'##....§e.)###.#...≈≈≈
.......#[.).§§§e.##.#...##≈
.......#[[∩)§##...#.eee.#
######'#[#######@.#######
#__#...#'########################
#__#...#..§§≈'.#.')..'.#.#.#.'††.
#__#...#[#§§§#.#.#...##.#.#.##†.†
#__#...[)#§§.#.#.#)..#.#.#.#.#†††
#__'...#.#...#...#..)##.#.#.##†††
▓▓▓▓▓▓▓▓▓▓▓▓▓▓▓▓▓▓▓▓▓#.#.#.#.#†..
♣≈≈≈........≈≈≈...##.#.#.##...
+♣≈≈≈≈≈≈≈≈≈≈≈≈♣♣..'.#.#.#.#...


You could see 2 deep elf pyromancers.

Vanquished Creatures
  Harold (D)
  A fire dragon (D)
  Snorg (D)
  2 centaur warriors (D)
  4 dancing weapons (D)
  A deep elf knight (D)
  An orc knight (D)
  Joseph (D)
  A deep elf pyromancer (D)
  A shining eye (shapeshifter) (D)
  4 crystal guardians (D)
  A yaktaur (D)
  2 unseen horrors (D)
  3 wandering mushrooms (D)
  4 spriggan defenders (D)
  A queen bee (D)
  A slime creature (D)
  2 orc high priests (D)
  A snapping turtle (shapeshifter) (D)
  A shadow (D)
  A spatial vortex (D)
  4 orc warriors (D)
  2 centaurs (D)
  An earth elemental (D)
  A necrophage (D)
  A water elemental (D)
  32 killer bees (D)
  A jelly (D)
  7 orc priests (D)
  A wizard (D)
  Jessica (D)
  An orc wizard (D)
  A necromancer (D)
  3 humans (D)
  A kobold demonologist (D)
  A wolf (D)
  7 orcs (D)
  2 endoplasms (D)
  A rat (D)
103 creatures vanquished.

Vanquished Creatures (others)
  6 plants (D)
6 creatures vanquished.

Grand Total: 109 creatures vanquished

Notes
Turn   | Place    | Note
-------+----------+-------------------------------------------
     0 | D        | mhtbhm the Spriggan Enchanter began the quest for the Orb.
     0 | D        | Reached XP level 1. HP: 9/9 MP: 5/5
   209 | D        | Noticed Jessica
   214 | D        | Killed Jessica
   215 | D        | Reached skill level 6 in Stealth
   215 | D        | Reached skill level 5 in Hexes
   215 | D        | Reached XP level 2. HP: 13/13 MP: 8/8
   215 | D        | Reached XP level 3. HP: 16/16 MP: 9/9
   334 | D        | Learned a level 2 spell: Ensorcelled Hibernation
   338 | D        | Learned a level 3 spell: Confusing Touch
   342 | D        | Learned a level 3 spell: Tukima's Dance
   359 | D        | Reached skill level 7 in Stealth
   425 | D        | Learned a level 3 spell: Dazzling Flash
   429 | D        | Noticed a water elemental
   431 | D        | Killed a water elemental
   432 | D        | Reached skill level 9 in Stealth
   432 | D        | Reached skill level 5 in Spellcasting
   432 | D        | Reached XP level 4. HP: 21/21 MP: 12/12
   442 | D        | Found a shadowy altar of Dithmenos.
   442 | D        | Noticed a necrophage
   443 | D        | Found a basalt altar of Yredelemnul.
   443 | D        | Found a sacrificial altar of Ru.
   446 | D        | Reached skill level 5 in Dodging
   446 | D        | Reached XP level 5. HP: 14/25 MP: 9/13
   455 | D        | Reached skill level 10 in Stealth
   465 | D        | Became a worshipper of Dithmenos the Shadowed
   640 | D        | Found a radiant altar of Vehumet.
   641 | D        | Found a shimmering blue altar of Sif Muna.
   641 | D        | Found an ancient bone altar of Kikubaaqudgha.
   643 | D        | Reached skill level 1 in Fighting
   643 | D        | Reached skill level 11 in Stealth
   660 | D        | Learned a level 2 spell: Blink
   671 | D        | Found a glowing silver altar of Zin.
   672 | D        | Found a glowing golden altar of the Shining One.
   672 | D        | Found a white marble altar of Elyvilon.
   672 | D        | Noticed a deep elf pyromancer
   674 | D        | Killed a deep elf pyromancer
   674 | D        | Reached * piety under Dithmenos
   675 | D        | Reached skill level 5 in Short Blades
   675 | D        | Reached skill level 15 in Stealth
   675 | D        | Reached skill level 10 in Hexes
   675 | D        | Reached XP level 6. HP: 28/30 MP: 14/17
   675 | D        | Reached XP level 7. HP: 32/34 MP: 15/19
   698 | D        | Found a hide-covered altar of Uskayaw.
   698 | D        | Found an iron altar of Okawaru.
   699 | D        | Found a bloodstained altar of Trog.
   699 | D        | Found an ornate altar of the Wu Jian Council.
   699 | D        | Noticed a human
   699 | D        | Noticed a human
   701 | D        | Killed a human
   702 | D        | Killed a human
   703 | D        | Reached skill level 16 in Stealth
   703 | D        | Reached skill level 1 in Ice Magic
   719 | D        | Noticed a shadow
   721 | D        | Killed a shadow
   721 | D        | Reached ** piety under Dithmenos
   722 | D        | Reached XP level 8. HP: 39/39 MP: 21/21
   726 | D        | Reached skill level 17 in Stealth
   727 | D        | Found a blossoming altar of Fedhas.
   727 | D        | Found a stormy altar of Qazlal.
   728 | D        | Found a snail-covered altar of Cheibriados.
   728 | D        | Found a burning altar of Makhleb.
   728 | D        | Found a hazy altar of Hepliaklqana.
   728 | D        | Found a shimmering altar of Xom.
   728 | D        | Found an opulent altar of Gozag.
   728 | D        | Found a sparkling altar of Nemelex Xobeh.
   728 | D        | Found a corrupted altar of Lugonu.
   728 | D        | Found a viscous altar of Jiyva.
   815 | D        | Noticed Snorg
   878 | D        | Killed Snorg
   879 | D        | Reached skill level 19 in Stealth
   879 | D        | Reached skill level 1 in Conjurations
  1248 | D        | Reached *** piety under Dithmenos
  1254 | D        | Noticed a centaur warrior
  1263 | D        | Killed a centaur warrior
  1264 | D        | Reached skill level 1 in Armour
  1264 | D        | Reached skill level 20 in Stealth
  1264 | D        | Reached XP level 9. HP: 24/43 MP: 17/23
  1272 | D        | Reached skill level 21 in Stealth
  1314 | D        | Noticed an unseen horror
  1314 | D        | Noticed an unseen horror
  1315 | D        | Killed an unseen horror
  1315 | D        | Reached **** piety under Dithmenos
  1317 | D        | Killed an unseen horror
  1323 | D        | Noticed a wandering mushroom
  1327 | D        | Noticed a wandering mushroom
  1329 | D        | Noticed a wandering mushroom
  1331 | D        | Killed a wandering mushroom
  1332 | D        | Reached skill level 22 in Stealth
  1332 | D        | Reached skill level 10 in Spellcasting
  1337 | D        | Killed a wandering mushroom
  1340 | D        | Killed a wandering mushroom
  1340 | D        | Reached ***** piety under Dithmenos
  1364 | D        | Noticed Harold
  1364 | D        | Noticed Joseph
  1366 | D        | Killed Joseph
  1367 | D        | Reached skill level 23 in Stealth
  1367 | D        | Reached XP level 10. HP: 45/47 MP: 20/25
  1367 | D        | Killed Harold
  1368 | D        | Reached skill level 24 in Stealth
  1429 | D        | Found Tilel's Jewellery Emporium.
  1429 | D        | Noticed an orc knight
  1434 | D        | Reached ****** piety under Dithmenos
  1442 | D        | Killed an orc knight
  1443 | D        | Reached skill level 25 in Stealth
  1443 | D        | Reached skill level 1 in Evocations
  1632 | D        | Noticed a deep elf zephyrmancer
  1632 | D        | Noticed a deep elf pyromancer
  1632 | D        | Noticed a deep elf pyromancer
  1632 | D        | Noticed a deep elf zephyrmancer
  1632 | D        | Noticed a deep elf knight
  1680 | D        | Reached skill level 26 in Stealth
  1687 | D        | Reached skill level 1 in Invocations
  1687 | D        | Reached XP level 11. HP: 51/51 MP: 24/27
  1868 | D        | Reached skill level 27 in Stealth
  1916 | D        | Noticed an obsidian statue
  1927 | D        | Found Utietaj's Antique Weapon Emporium.
  1927 | D        | Found Arukhilo's Magic Scroll Shop.
  1927 | D        | Found Voxt's Antique Armour Boutique.
  1927 | D        | Found Lesmiely's Antique Armour Emporium.
  1927 | D        | Found Xefeab's Antique Armour Shop.
  1927 | D        | Found Hohy's Jewellery Emporium.
  1927 | D        | Found Kystru's Jewellery Boutique.
  1928 | D        | Found Yhol's Assorted Antiques.
  1928 | D        | Found Itixaulo's Book Shoppe.
  1928 | D        | Found Hopsiklu's General Store.
  1928 | D        | Found Gupon's Distillery.
  1960 | D        | Bought a slimy hat for 225 gold pieces
  1960 | D        | Identified the +0 hat of Charity {Int+9} (You bought it in
                  | a shop in the Dungeon)
  1971 | D        | Bought a book of Hexes for 468 gold pieces
  1976 | D        | Bought a wizard robe for 142 gold pieces
  1976 | D        | Identified the +2 robe "Ximeth" {rN+} (You bought it in a
                  | shop in the Dungeon)
  1976 | D        | Bought a transparent robe for 142 gold pieces
  1976 | D        | Identified the +1 robe of Loehi {Int+4} (You bought it in a
                  | shop in the Dungeon)
  1983 | D        | Learned a level 3 spell: Inner Flame
  1988 | D        | Learned a level 4 spell: Cause Fear
  1997 | D        | Learned a level 8 spell: Discord
  2000 | D        | Bought a scroll of fog for 24 gold pieces
  2004 | D        | Bought the ring "Axupaes" {Wiz Will+} for 511 gold pieces
  2004 | D        | Bought an amulet of reflection for 360 gold pieces
  2026 | D        | Noticed a crystal guardian
  2026 | D        | Noticed a crystal guardian
  2026 | D        | Noticed a crystal guardian
  2026 | D        | Noticed a crystal guardian
  2027 | D        | Killed a crystal guardian
  2030 | D        | Killed a crystal guardian
  2031 | D        | Reached skill level 1 in Throwing
  2031 | D        | Reached skill level 5 in Evocations
  2033 | D        | Killed a crystal guardian
  2036 | D        | Killed a crystal guardian
  2063 | D        | Reached skill level 10 in Dodging
  2101 | D        | Noticed a shining eye
  2106 | D        | Killed a shining eye
  2123 | D        | Noticed a fire dragon
  2126 | D        | Killed a fire dragon
  2127 | D        | Reached skill level 5 in Ice Magic
  2157 | D        | Noticed a centaur warrior
  2161 | D        | Killed a centaur warrior
  2199 | D        | Noticed a +3 short sword of freezing
  2199 | D        | Noticed a +5 halberd of freezing
  2202 | D        | Noticed a +5 battleaxe of flaming
  2202 | D        | Noticed a +6 glaive of freezing
  2203 | D        | Killed a +5 battleaxe of flaming
  2204 | D        | Killed a +3 short sword of freezing
  2206 | D        | Killed a +6 glaive of freezing
  2207 | D        | Reached skill level 10 in Short Blades
  2208 | D        | Killed a +5 halberd of freezing
  2209 | D        | Reached skill level 10 in Evocations
  2211 | D        | Identified the +6 quick blade of Laceration {flame, Fly
                  | rElec Will- Str+5}
  2311 | D        | Noticed a yaktaur captain
  2709 | D        | HP: 2/53 [deep elf pyromancer/sticky flame (2)]
  2710 | D        | Killed a deep elf knight
  2711 | D        | Reached XP level 12. HP: 6/58 MP: 22/30
  2711 | D        | Killed from afar by a deep elf pyromancer

Illustrated notes

Levels and vault maps discovered:
D:        dungeon_sprint_mu [sprint_mu_entry_forest, sprint_mu_temple_rooms,
          sprint_mu_d1_horrors, sprint_mu_d2_genie, sprint_mu_d3_branching,
          sprint_mu_orc_legion, sprint_mu_elf_gauntlet, sprint_mu_hive_nellie,
          sprint_mu_lair_fedhas, sprint_mu_vaults_butterflies,
          sprint_mu_slime_circle, sprint_mu_swamp_cave, sprint_mu_snake_twists,
          sprint_mu_blade_basic, sprint_mu_crypt_chambers,
          sprint_mu_tomb_spiral, sprint_mu_vestibule_basic,
          sprint_mu_gehenna_hellfire, sprint_mu_dis_giant,
          sprint_mu_tartarus_statrot, sprint_mu_cocytus_islands, sprint_mu_zot1]

Skill      XL: |  1  2  3  4  5  6  7  8  9 10 11 |
---------------+----------------------------------+-----
Hexes          | 5 7 10 11 12 14 | 14.2
Spellcasting   | 4 5 7 8 9 10 11 13 | 13.8
Dodging        | 3 4 5 6 7 8 9 10 | 10.2
Stealth        | 6 9 15 16 20 23 26 27 | 27.0
Short Blades   | 2 3 5 6 7 8 10 | 10.5
Fighting       | 1 2 3 |  3.9
Ice Magic      | 1 2 6 |  6.3
Conjurations   | 2 3 |  3.8
Armour         | 1 3 4 |  4.4
Evocations     | 3 10 | 10.2
Invocations    | 1 3 |  3.6
Throwing       | 3 |  3.6
Shields        | |  0.3

Action                   |  1- 3 |  4- 6 |  7- 9 | 10-12 || total
-------------------------+-------+-------+-------+-------++-------
Melee: Dagger            |    20 |    14 |    24 |    49 ||   107
       Punch             |       |     1 |     1 |       ||     2
       Quick blade       |       |       |       |    29 ||    29
Throw: Dart              |       |       |       |     3 ||     3
 Cast: Ensorcelled Hiber |     2 |       |       |     7 ||     9
       Dazzling Flash    |       |     2 |     7 |     6 ||    15
       Confusing Touch   |       |     1 |     1 |     1 ||     3
       Discord           |       |       |       |     1 ||     1
       Blink             |       |       |       |     1 ||     1
Invok: Shadow Step       |       |       |     1 |     3 ||     4
Evoke: Lightning rod     |       |       |       |    11 ||    11
  Use: Potion            |     2 |       |     3 |     4 ||     9
       Scroll            |       |       |     2 |     2 ||     4
 Stab: Sleeping          |     4 |     2 |    11 |    28 ||    45
       Invisible         |       |     2 |     6 |     2 ||    10
       Confused          |       |     1 |       |       ||     1
       Distracted        |       |       |       |     1 ||     1
Armor: Robe              |     1 |     3 |     1 |       ||     5
       Troll leather arm |       |       |     3 |     3 ||     6
Dodge: Dodged            |    11 |     6 |    33 |    26 ||    76
Block: Other             |       |       |       |     4 ||     4
       Reflection        |       |       |       |     3 ||     3

Table legend: (Time is in decaauts)
 A = Elapsed time spent in this place.
 B = Non-inter-level travel time spent in this place.
 C = Inter-level travel time spent in this place.
 D = Time resting spent in this place.
 E = Time spent auto-exploring this place.
 F = Levels seen in this place.
 G = Mean time per level.
                   A        B        C        D        E       F      G
               +--------+--------+--------+--------+--------+-----+--------+
         Total |   2311 |   2311 |      0 |   1429 |      5 |   1 | 2311.0 |
       Dungeon |   2311 |   2311 |      0 |   1429 |      5 |   1 | 2311.0 |
               +--------+--------+--------+--------+--------+-----+--------+

Top non-repeatable levels by time:
       D: 2311 daAuts
